 Dungeon Crawl Stone Soup version 0.31-a0-590-g8a5a4361df (webtiles) character file.

Game seed: 2588300271851540588

24439 Armakuni the Basher (level 13, 103/103 HPs)
             Began as a Human Artificer on Aug 5, 2023.
             Was an Initiate of Gozag.
             Quit the game on level 2 of the Orcish Mines on Aug 19, 2023.
             The game lasted 00:59:32 (11482 turns).

Armakuni the Basher (Human Artificer)              Turns: 11482, Time: 00:59:32

Health: 103/103    AC: 26    Str: 17    XL:     13   Next: 42%
Magic:  13/13      EV: 11    Int: 15    God:    Gozag
Gold:   460        SH:  0    Dex: 14    Spells: 10/12 levels left

rFire   . . .        a - +2 demon whip (elec)
rCold   + . .        (no shield)
rNeg    + + .        G - +3 scale mail {rPois}
rPois   +            w - +2 helmet
rElec   .            t - +0 cloak {Will+}
rCorr   .            b - +2 pair of gloves of Sasaiwan {rN++}
SInv    .            x - +1 pair of boots "Qebom" {rC+ Regen+ Str+3 Stlth+}
Will    ++...        (no amulet)
Stlth   +            W - ring of willpower
HPRegen 1.17/turn    A - +4 ring of protection
MPRegen 0.13/turn

%: no passive effects
@: gold aura
A: no striking features
a: Renounce Religion, Potion Petition, Call Merchant, Bribe Branch


You were on level 2 of the Orcish Mines.
You worshipped Gozag.
Gozag was aware of your devotion.
You visited 3 branches of the dungeon, and saw 15 of its levels.
You also visited: Bailey and Gauntlet.

You collected 2246 gold pieces.
You spent 956 gold pieces at shops.
You paid 830 gold pieces to Gozag.

Inventory:

Hand Weapons
 a - a +2 demon whip of electrocution (weapon)
 E - a +6 broad axe
Missiles
 e - 26 poisoned darts
 f - 20 boomerangs
 M - 2 curare-tipped darts (quivered)
Armour
 b - the +2 pair of gloves of Sasaiwan (worn) {rN++}
   (You found it on level 10 of the Dungeon)

   rN++:      It greatly protects you from negative energy.
 i - the +0 pair of gloves of Incorporation {+Blink Int+2}
   (You found it in a Gauntlet)

   Int+2:     It affects your intelligence (+2).
   +Blink:    It lets you blink.
 t - a +0 cloak of willpower (worn)
 w - a +2 helmet (worn)
 x - the +1 pair of boots "Qebom" (worn) {rC+ Regen+ Str+3 Stlth+}
   (You found it on level 8 of the Dungeon)

   Str+3:     It affects your strength (+3).
   rC+:       It protects you from cold.
   Regen+:    It increases your rate of health regeneration.
   Stlth+:    It makes you more stealthy.
 y - the +7 ice dragon scales "Tiwaall" {rF- rC++ rN+}
   (You took it off a minotaur in a Gauntlet)

   rF-:       It makes you vulnerable to fire.
   rC++:      It greatly protects you from cold.
   rN+:       It protects you from negative energy.
 G - a +3 scale mail of poison resistance (worn)
 O - the +7 fire dragon scales of the Nexus {+Inv rF++ rC- rCorr}
   (You found it in a Gauntlet)

   rF++:      It greatly protects you from fire.
   rC-:       It makes you vulnerable to cold.
   +Inv:      It lets you turn invisible.
   rCorr:     It protects you from acid and corrosion.
 P - a +2 tower shield of reflection
Jewellery
 u - a +5 ring of evasion
 A - a +4 ring of protection (right hand)
 F - a ring of protection from fire
 J - a ring of ice
 K - a ring of resist corrosion
 L - a ring of flight
 W - a ring of willpower (left hand)
Wands
 j - a wand of iceblast (11)
 m - a wand of paralysis (9)
 p - a wand of polymorph (2)
 v - a wand of flame (37)
 N - a wand of digging (4)
Scrolls
 d - a scroll of fear
 g - 2 scrolls of revelation
 h - 9 scrolls of teleportation
 r - 4 scrolls of fog
 s - 4 scrolls of blinking
 D - 2 scrolls of noise
Potions
 c - 2 potions of lignification
 k - 2 potions of mutation
 l - 2 potions of haste {unknown}
 n - 3 potions of curing
 o - a potion of brilliance
 z - a potion of heal wounds
 B - 2 potions of might
 C - a potion of magic {unknown}
 H - a potion of resistance
 I - a potion of ambrosia {unknown}


   Skills:
 - Level 9.9 Fighting
 - Level 11.0(12.0) Maces & Flails
 - Level 7.7(10.4) Staves
 - Level 2.0 Throwing
 - Level 9.4 Armour
 - Level 5.0 Dodging
 - Level 1.0 Stealth
 + Level 6.3 Shields
 - Level 8.1 Evocations


You had 10 spell levels left.
You knew the following spells:

 Your Spells              Type           Power      Damage    Failure   Level
a - Blink                 Tloc           0%         N/A       75%         2

Your spell library contained the following spells:

 Spells                   Type           Power      Damage    Failure   Level
 Shock                    Conj/Air       0%         1d3       58%         1
 Passwall                 Tmut/Erth      0%         N/A       75%         2
 Poisonous Vapours        Pois/Air       0%         N/A       75%         2
 Wereblood                Tmut           0%         N/A       75%         2
 Mephitic Cloud           Conj/Pois/Air  0%         N/A       92%         3
 Swiftness                Air            0%         N/A       92%         3
 Vhi's Electric Charge    Tloc/Air       0%         N/A       92%         3
 Airstrike                Air            0%         2d(0-16)  100%        4
 Manifold Assault         Tloc           0%         N/A       100%        4
 Petrify                  Tmut/Erth      0%         N/A       100%        4
 Alistair's Intoxication  Tmut/Pois      0%         N/A       100%        5
 Arcjolt                  Conj/Air       0%         1d10      100%        5
 Freezing Cloud           Conj/Ice/Air   0%         6-21      100%        5
 Irradiate                Conj/Tmut      0%         3d11      100%        5
 Eringya's Noxious Bog    Tmut/Pois      0%         4d6       100%        6
 Maxwell's Capacitive Co  Air            0%         ∞         100%        8


Dungeon Overview and Level Annotations

Branches:
Dungeon (12/15)            Temple (1/1) D:5            Lair (0/5) D:10
    Orc (2/2) D:11            Elf (0/3) Orc:2        Bailey (visited)
Gauntlet (visited)

Altars:
Ashenzari
Cheibriados
Dithmenos
Elyvilon
Fedhas
Gozag
Hepliaklqana
Kikubaaqudgha
Makhleb
Nemelex Xobeh
Okawaru
Qazlal
Ru
Sif Muna
Trog
Uskayaw
Vehumet
Wu Jian
Xom
Yredelemnul
Zin
The Shining One
Lugonu

Shops:
D:6 **   D:8 :   D:9 [=   D:11 *   Orc:2 (**(*

Portals:
Abyss: D:11

Annotations:
D:11 2 runed translucent doors
Abyss:1 bmj180's ghost, amateur OpCj


Message History

Things that are here:
7 gold pieces; a +0 short sword
As you read the scroll of teleportation, it crumbles to dust.
You feel strangely unstable.
The orc wizard is no longer distracted by gold.
Your surroundings suddenly seem different.
Found 22 gold pieces.
You now have 452 gold pieces (gained 22).
Okay, then.
Unknown command.
Saving game... please wait.
Welcome back, Armakuni the Human Artificer.
Gozag says: Greed is good.
Press ? for a list of commands and other information.
Saving game... please wait.
Welcome back, Armakuni the Human Artificer.
Gozag says: Greed is good.
Press ? for a list of commands and other information.
An ogre is nearby!
You are no longer corroded.
You feel a little less mighty now.
You start waiting.
An ogre is nearby!
You hit the ogre. Lightning courses through the ogre!
The ogre is heavily wounded.
The ogre hits you with a +0 giant spiked club.
You whack the ogre! Lightning courses through the ogre!!
You kill the ogre!
No target in view!
You now have 460 gold pieces (gained 8).
You see here a +0 giant spiked club.
Okay, then.
Unknown command.
Unknown command.
Okay, then.
Unknown command.
HP restored.
An orc is nearby!
Unknown command.
Are you sure you want to abandon this character and quit the game? (Confirm with "yes".)

,*...,#..###$###$###$###.#,..oo#.
o###'##$.$.$$.$$.# #.# *,**#+###.
.oOo$o$...⌠.$$$..# #.# *,,,......
o###'##..........#*#.#**,,*#+###.
o*...,#...............,,,,*...o#.
,#...,#..###.###.#####**,,*..oo#.
,#∩..,#..# #.# #.# *..*.oo∩#.
,####*#.O###.###.#######..######.
,,,,,,...o......@.............§..
,,,,,.....................,.§§.§.
,,,****##....##.......#.#,*.§§§§.
,,** #....*#.....#...#,,,.§§§#.
,** **#..#**##..###...#*,,.§§8§§
*,****,..,* ##....#...##*,,.##,*,
,,,*,,,.,$* #.....)....#**,,,*,**
,,,,,,,*,** ##...##....# **,*,,,,
,,,,,,**** ########.##**,,**,,,


You could see an orc (wandering).

Vanquished Creatures
  2 orc warlords
  A minotaur (Gauntlet)
  A green death (Gauntlet)
  5 two-headed ogres
  A boulder beetle (D:10)
  A catoblepas (Gauntlet)
  5 orc high priests (Orc:2)
  A wizard (Gauntlet)
  A swamp dragon (D:11)
  An orc knight (Bailey)
  An orc sorcerer (Orc:2)
  2 cyclopes (D:11)
  Joseph (D:7)
  2 orange demons (Gauntlet)
  2 gargoyles (Gauntlet)
  Maggie (D:6)
  Psyche (D:8)
  A hornet (D:10)
  Prince Ribbit (D:7)
  5 trolls
  A slime creature (D:12)
  3 shadows
  A shapeshifter (D:5)
  2 wyverns
  A fire bat (D:8)
  A basilisk (D:11)
  A steam dragon (D:9)
  Grum (D:11)
  6 wargs (Orc:2)
  2 water moccasins (D:7)
  An ice beast (D:8)
  6 black bears
  2 sky beasts (D:7)
  15 orc warriors
  4 ogres
  4 wolves (D:11)
  2 centaurs
  A kobold brigand (D:10)
  3 scorpions
  5 bullfrogs
  2 wights (D:9)
  12 killer bees
  3 hounds
  A jelly (D:7)
  Crazy Yiuf (D:7)
  14 orc priests
  A sleepcap (D:5)
  2 gnoll boudas (D:10)
  Jessica (D:3)
  8 iguanas
  6 orc wizards
  11 gnolls
  14 adders
  A shadow imp (D:8)
  4 white imps
  4 ufetubi
  A worm (D:2)
  2 dart slugs
  49 orcs
  6 bats
  12 endoplasms
  4 giant cockroaches
  14 goblins
  10 hobgoblins
  4 jackals
  22 kobolds
  4 quokkas
  9 ball pythons
  3 frilled lizards
  2 rats
325 creatures vanquished.

Vanquished Creatures (collateral kills)
  A wight (D:9)
  3 killer bees (D:8)
  A white imp (D:8)
  A giant cockroach (D:3)
6 creatures vanquished.

Vanquished Creatures (others)
  An orc warrior (Bailey)
  A gnoll sergeant (D:9)
  4 killer bees
  4 gnolls (D:9)
  A worm (D:5)
  A jackal (D:1)
  2 kobolds (D:8)
14 creatures vanquished.

Grand Total: 345 creatures vanquished

Notes
Turn   | Place    | Note
-------+----------+-------------------------------------------
     0 | D:1      | Armakuni the Human Artificer began the quest for the Orb.
     0 | D:1      | Reached XP level 1. HP: 15/15 MP: 1/1
   115 | D:1      | Reached XP level 2. HP: 14/21 MP: 2/2
   579 | D:1      | Reached XP level 3. HP: 22/26 MP: 3/3
  1335 | D:2      | Reached XP level 4. HP: 30/32 MP: 4/4
  1775 | D:2      | Reached skill level 5 in Evocations
  2175 | D:3      | Reached XP level 5. HP: 25/37 MP: 5/5
  2242 | D:3      | Found a faded altar of an unknown god.
  2408 | D:3      | Found the +7 mace of Variability {chaos, chaos arc}
  2532 | D:3      | Noticed Jessica
  2538 | D:3      | Killed Jessica
  2539 | D:3      | Reached skill level 1 in Maces & Flails
  2649 | D:3      | Found a hide-covered altar of Uskayaw.
  2786 | D:4      | Found a sparkling altar of Nemelex Xobeh.
  2786 | D:4      | Found a glowing golden altar of the Shining One.
  2861 | D:4      | Reached skill level 2 in Maces & Flails
  2929 | D:4      | Reached XP level 6. HP: 43/43 MP: 6/6
  2942 | D:4      | Found a burning altar of Makhleb.
  2989 | D:4      | Found a runed translucent door.
  2992 | D:4      | Noticed bmj180's ghost (amateur OpCj)
  3089 | D:4      | Reached skill level 3 in Maces & Flails
  3163 | D:4      | Reached skill level 4 in Maces & Flails
  3258 | D:4      | Noticed an ogre
  3266 | D:4      | Killed an ogre
  3267 | D:4      | Reached skill level 5 in Maces & Flails
  3267 | D:4      | Reached XP level 7. HP: 48/48 MP: 7/7
  3563 | D:4      | Banished bmj180's ghost
  3564 | D:4      | Reached skill level 6 in Maces & Flails
  3566 | D:4      | Reached XP level 8. HP: 54/54 MP: 8/8
  3597 | D:5      | Entered Level 5 of the Dungeon
  3610 | D:4      | Reached skill level 7 in Maces & Flails
  3955 | D:5      | Reached skill level 8 in Maces & Flails
  4142 | D:5      | a scorpion changed into a rime drake
  4142 | D:5      | Noticed a rime drake
  4144 | D:5      | a rime drake changed into a shapeshifter
  4144 | D:5      | Noticed a shapeshifter (shapeshifter)
  4144 | D:5      | Killed a shapeshifter
  4313 | D:5      | Found a staircase to the Ecumenical Temple.
  4328 | Temple   | Entered the Ecumenical Temple
  4342 | Temple   | Became a worshipper of Gozag Ym Sagoz the Greedy
  4467 | D:6      | Reached XP level 9. HP: 59/66 MP: 9/9
  4530 | D:6      | Found a shimmering altar of Xom.
  4540 | D:6      | Found Ruciprura's General Store.
  4542 | D:6      | Found Luhoe's Specific Store.
  4549 | D:6      | Bought a +1 helmet for 126 gold pieces
  4584 | D:6      | Reached skill level 5 in Fighting
  4857 | D:6      | Noticed Maggie
  4868 | D:6      | Killed Maggie
  5416 | D:7      | Noticed a troll
  5419 | D:7      | Killed a troll
  5447 | D:7      | Noticed Joseph
  5451 | D:7      | Paralysed by Joseph for 3 turns
  5458 | D:7      | Killed Joseph
  5459 | D:7      | Reached skill level 5 in Armour
  5459 | D:7      | Reached skill level 5 in Dodging
  5765 | D:7      | Found a runed translucent door.
  5766 | D:7      | Noticed Crazy Yiuf
  5772 | D:7      | Killed Crazy Yiuf
  5773 | D:7      | Reached XP level 10. HP: 74/74 MP: 10/10
  5954 | D:7      | Found a blossoming altar of Fedhas.
  5975 | D:7      | Noticed Prince Ribbit
  5990 | D:7      | Killed Prince Ribbit
  6113 | D:7      | Reached skill level 5 in Staves
  6828 | D:8      | Noticed Psyche
  6831 | D:8      | Killed Psyche
  6854 | D:8      | Identified the +1 pair of boots "Qebom" {rC+ Regen+ Str+3
                  | Stlth+}
  6916 | D:8      | Found a flagged portal.
  6931 | Bailey   | Entered a bailey
  6991 | Bailey   | Noticed an orc warlord
  7078 | Bailey   | Noticed an orc knight
  7090 | Bailey   | Killed an orc knight
  7114 | Bailey   | Found a runed translucent gate.
  7117 | Bailey   | Found a runed translucent gate.
  7118 | Bailey   | Found a runed translucent gate.
  7272 | Bailey   | Killed an orc warlord
  7273 | Bailey   | Reached XP level 11. HP: 79/79 MP: 11/11
  7292 | Bailey   | Got the Grimoire of Metamorphosis
  7315 | Bailey   | Acquired a +2 demon whip of electrocution
  7497 | D:8      | Found Herhaton's Book Boutique.
  7555 | D:8      | Found a sacrificial altar of Ru.
  7761 | D:9      | Found Dum Keil's Jewellery Shoppe.
  7768 | D:9      | Noticed a two-headed ogre
  7780 | D:9      | Killed a two-headed ogre
  7781 | D:9      | Reached skill level 9 in Maces & Flails
  7916 | D:9      | Found a basalt altar of Yredelemnul.
  7983 | D:9      | Reached skill level 10 in Maces & Flails
  8083 | D:9      | Found a shadowy altar of Dithmenos.
  8233 | D:9      | Noticed a two-headed ogre
  8246 | D:9      | Killed a two-headed ogre
  8430 | D:10     | Entered Level 10 of the Dungeon
  8464 | D:10     | Identified the +2 pair of gloves of Sasaiwan {rN++}
  8532 | D:10     | Found a staircase to the Lair.
  8565 | D:10     | Reached skill level 1 in Throwing
  8672 | D:10     | Noticed a boulder beetle
  8684 | D:10     | Killed a boulder beetle
  8685 | D:10     | Reached skill level 11 in Maces & Flails
  9140 | D:9      | Bought a diamond-encrusted chain mail for 218 gold pieces
  9140 | D:9      | Identified the +0 chain mail "Gyfuvvua" {Int+4} (You bought
                  | it in a shop on level 9 of the Dungeon)
  9143 | D:9      | Bought a glowing scale mail for 161 gold pieces
  9177 | D:11     | Found a staircase to the Orcish Mines.
  9179 | D:11     | Noticed a two-headed ogre
  9200 | D:11     | Killed a two-headed ogre
  9205 | D:11     | Noticed Grum
  9230 | D:11     | Reached XP level 12. HP: 84/88 MP: 12/12
  9244 | D:11     | Killed Grum
  9346 | D:11     | Found Muntoybing's General Store.
  9353 | D:11     | Bought a potion of berserk rage for 55 gold pieces
  9513 | D:11     | Noticed Urug
  9515 | D:11     | Urug changed into Urug the swamp dragon
  9515 | D:11     | Noticed Urug
  9531 | D:11     | Killed Urug the swamp dragon
  9596 | D:11     | Noticed a two-headed ogre
  9606 | D:11     | Killed a two-headed ogre
  9633 | D:11     | You fall into a shaft and drop 1 floor!
 10028 | D:11     | Found a one-way gate to the infinite horrors of the Abyss.
 10028 | D:11     | Identified the +1 dagger "Loudgheil" {distort, Fragile
                  | rPois rN+ Stlth+}
 10073 | D:11     | Found a large runed translucent door.
 10073 | D:11     | Found a large runed translucent door.
 10075 | D:11     | Found a corrupted altar of Lugonu.
 10331 | Orc:1    | Entered Level 1 of the Orcish Mines
 10339 | Orc:1    | Noticed a two-headed ogre
 10364 | Orc:1    | Killed a two-headed ogre
 10509 | Orc:2    | Entered Level 2 of the Orcish Mines
 10510 | Orc:2    | Noticed an orc high priest
 10510 | Orc:2    | Found Meorph's Antique Weapon Shop.
 10536 | Orc:2    | Found a gate leading to a gauntlet.
 10545 | Gauntlet | Entered a Gauntlet
 10545 | Gauntlet | Found a transporter.
 10545 | Gauntlet | Found a transporter.
 10545 | Gauntlet | Found a transporter.
 10556 | Gauntlet | Found a transporter.
 10558 | Gauntlet | Found a transporter.
 10562 | Gauntlet | Found a runed translucent door.
 10564 | Gauntlet | Found a runed translucent door.
 10566 | Gauntlet | Found a transporter.
 10569 | Gauntlet | Found a transporter.
 10577 | Gauntlet | Found a transporter.
 10591 | Gauntlet | Found a large runed translucent door.
 10592 | Gauntlet | Found a large runed translucent door.
 10593 | Gauntlet | Found a large runed translucent door.
 10593 | Gauntlet | Found a large runed translucent door.
 10594 | Gauntlet | Found a runed translucent gate.
 10595 | Gauntlet | Found a transporter.
 10595 | Gauntlet | Found a runed translucent gate.
 10596 | Gauntlet | Found a large runed translucent door.
 10596 | Gauntlet | Found a large runed translucent door.
 10596 | Gauntlet | Found a runed translucent door.
 10597 | Gauntlet | Found a large runed translucent door.
 10598 | Gauntlet | Found a large runed translucent door.
 10600 | Gauntlet | Found a transporter.
 10602 | Gauntlet | Noticed a green death
 10603 | Gauntlet | Found a transporter.
 10614 | Gauntlet | Found a transporter.
 10655 | Gauntlet | Noticed a catoblepas
 10664 | Gauntlet | Found a large runed translucent door.
 10665 | Gauntlet | Found a large runed translucent door.
 10666 | Gauntlet | Found a large runed translucent door.
 10666 | Gauntlet | Found a large runed translucent door.
 10666 | Gauntlet | Found a runed translucent door.
 10667 | Gauntlet | Found a large runed translucent door.
 10668 | Gauntlet | Found a large runed translucent door.
 10669 | Gauntlet | Found a large runed translucent door.
 10669 | Gauntlet | Found a large runed translucent door.
 10670 | Gauntlet | Found a runed translucent gate.
 10788 | Gauntlet | Killed a catoblepas
 10859 | Gauntlet | Learned a level 2 spell: Blink
 10893 | Gauntlet | Killed a green death
 10907 | Gauntlet | Identified the +0 pair of gloves of Incorporation {+Blink
                  | Int+2}
 10956 | Gauntlet | Identified the +7 ice dragon scales "Tiwaall" {rF- rC++
                  | rN+}
 10956 | Gauntlet | Noticed a minotaur
 10980 | Gauntlet | Killed a minotaur
 11000 | Gauntlet | Identified the +7 fire dragon scales of the Nexus {+Inv
                  | rF++ rC- rCorr}
 11019 | Orc:2    | Found Viosaw's Mayhem Merchandise.
 11035 | Orc:2    | Bought a wand of iceblast (5) for 180 gold pieces
 11035 | Orc:2    | Bought a wand of iceblast (6) for 216 gold pieces
 11111 | Orc:2    | Reached XP level 13. HP: 101/101 MP: 13/13
 11126 | Orc:2    | Noticed an orc warlord
 11158 | Orc:2    | Killed an orc warlord
 11231 | Orc:2    | Found Mumohosu's Assorted Antiques.
 11415 | Orc:2    | Reached skill level 5 in Shields
 11436 | Orc:2    | Found Dikes's Assorted Antiques.
 11436 | Orc:2    | Found Ykiuxky's Weapon Emporium.
 11450 | Orc:2    | Upgraded the game from 0.31-a0-466-g98c9adc2b6 to
                  | 0.31-a0-523-g071a6c1ffa
 11450 | Orc:2    | Upgraded the game from 0.31-a0-523-g071a6c1ffa to
                  | 0.31-a0-590-g8a5a4361df
 11482 | Orc:2    | Quit the game

Illustrated notes

Levels and vault maps discovered:
D:1:      dpeg_arrival_short_road, layout_basic
D:2:      layout_loops_cross
D:3:      layout_rooms, mainiacjoe_overflow_small_starburst,
          hellmonk_ecumenical_altar_arch_garden, grunt_ministairs_9,
          uniq_jessica
D:4:      black_bear_nest_2, layout_basic, lemuel_doored_altar,
          nicolae_overflow_two_pavilions, ebering_ghost_sewer_d,
          hangedman_decor_points, kennysheep_diamond
D:5:      minmay_chambers_of_threes, layout_rooms,
          minmay_temple_entry_statues_fountains, nrook_loot_triangle
D:6:      layout_basic, mainiacjoe_overflow_six_doors_small,
          nicolae_specific_store, uniq_maggie
D:7:      layout_loops_ring, mainiacjoe_overflow_tiny_flanked,
          minmay_fractal_squares_5, uniq_prince_ribbit1,
          uniq_crazy_yiuf_cottage, uniq_joseph
D:8:      layout_rooms, nicolae_ru_path_of_blood, serial_shops,
          nicolae_shop_peninsula, enter_bailey_3, uniq_psyche
D:9:      layout_cave_pools, marbit_many_paths,
          nicolae_dithmenos_through_a_glass_darkly, serial_shops, shop,
          nrook_mini_vaults
D:10:     layout_small_grid, lair_entry_dummy
D:11:     due_chaos_kobolds, layout_loops_corners, david_orc_2, serial_shops,
          nicolae_shop_gibbet_a_chance, minmay_tree_intersection, uniq_grum,
          uniq_urug
D:12:     layout_cave_pools, serial_shops, nicolae_shop_rolled_up,
          nicolae_danse_macabre, uniq_kirke, uniq_rupert
Temple:   nicolae_temple_god_jail
Orc:1:    layout_caves, basic_altar
Orc:2:    st_orc_town, layout_caves, serial_shops, shop, shop, shop,
          gauntlet_entry_generic, minmay_shop_mayhem, lemuel_statue_altar,
          statue_in_the_mist_lemuel

Skill      XL: |  1  2  3  4  5  6  7  8  9 10 11 12 13 |
---------------+----------------------------------------+-----
Evocations     | 4 5 8 |  8.1
Maces & Flails | 2 5 6 8 11 | 11.0
Fighting       | 4 5 6 9 |  9.9
Dodging        | 5 |  5.0
Armour         | 5 9 |  9.4
Staves         | 2 7 |  7.7
Throwing       | 2 |  2.0
Shields        | 6 |  6.3
Stealth        | |  1.0

Action                     |  1- 3 |  4- 6 |  7- 9 | 10-12 | 13-15 || total
---------------------------+-------+-------+-------+-------+-------++-------
  Melee: Club              |   136 |    41 |       |       |       ||   177
         Punch             |     1 |     1 |       |     4 |     2 ||     8
         Whip              |       |    74 |       |       |       ||    74
         Great mace        |       |    54 |    95 |   104 |       ||   253
         Demon whip        |       |       |       |   450 |   186 ||   636
  Throw: Dart              |       |       |       |    22 |     2 ||    24
 Invoke: Call Merchant     |       |       |       |     1 |       ||     1
  Evoke: Wand              |     8 |    12 |     2 |    34 |     2 ||    58
    Use: Scroll            |       |     8 |     3 |    13 |     1 ||    25
         Potion            |       |     1 |     4 |     5 |     1 ||    11
   Stab: Sleeping          |     4 |       |       |     2 |       ||     6
         Invisible         |       |       |     1 |       |       ||     1
         Paralysed         |       |       |       |    11 |    13 ||    24
         Distracted        |       |       |       |     2 |     2 ||     4
 Armour: Leather armour    |    57 |       |     1 |   154 |       ||   212
         Ring mail         |       |    91 |    73 |       |       ||   164
         Skin              |       |     2 |     6 |       |       ||     8
         Steam dragon scal |       |       |     3 |       |       ||     3
         Scale mail        |       |       |       |    58 |    46 ||   104
  Dodge: Dodged            |    88 |    97 |    97 |   305 |    45 ||   632

Table legend: (Time is in decaauts)
 A = Elapsed time spent in this place.
 B = Non-inter-level travel time spent in this place.
 C = Inter-level travel time spent in this place.
 D = Time resting spent in this place.
 E = Time spent auto-exploring this place.
 F = Levels seen in this place.
 G = Mean time per level.
                   A        B        C        D        E       F      G
               +--------+--------+--------+--------+--------+-----+--------+
         Total |  11349 |  10927 |    422 |   1330 |   6319 |  17 |  667.6 |
       Dungeon |   9935 |   9557 |    378 |   1198 |   5868 |  12 |  827.9 |
        Temple |     26 |      3 |     23 |      0 |      0 |   1 |   26.0 |
  Orcish Mines |    544 |    524 |     20 |     23 |    153 |   2 |  272.0 |
        Bailey |    405 |    405 |      0 |     60 |    175 |   1 |  405.0 |
      Gauntlet |    437 |    437 |      0 |     49 |    123 |   1 |  437.0 |
               +--------+--------+--------+--------+--------+-----+--------+

Top non-repeatable levels by time:
     D:7: 1398 daAuts
     D:1: 1309 daAuts
    D:11: 1074 daAuts
     D:2: 944 daAuts
     D:6: 930 daAuts
     D:4: 927 daAuts
     D:9: 781 daAuts
     D:5: 752 daAuts
    D:10: 649 daAuts
     D:3: 596 daAuts
     D:8: 539 daAuts
Gauntlet: 437 daAuts
  Bailey: 405 daAuts
   Orc:2: 350 daAuts
   Orc:1: 193 daAuts
